 Dungeon Crawl Stone Soup version 0.28-a0-1510-gd0f6b136d3 (webtiles) character file.

Game seed: 14322976956819748120

1069 comborobin the Skirmisher (level 8, -1/62 HPs)
             Began as a Mummy Delver on Jan 15, 2022.
             Was a Priest of Cheibriados.
             Slain by a hound (3 damage)
             ... on level 6 of the Dungeon.
             The game lasted 00:13:36 (6790 turns).

comborobin the Skirmisher (Mummy Delver)            Turns: 6790, Time: 00:13:37

Health: -1/62      AC:  8    Str: 25    XL:     8   Next: 7%
Magic:  19/19      EV: 11    Int: 17    God:    Cheibriados [***...]
Gold:   0          SH:  0    Dex: 22    Spells: 4/7 levels left

rFire   x . .      SeeInvis .   a - +6 whip
rCold   + . .      Faith    +   (no shield)
rNeg    + + +      Spirit   .   k - +0 scale mail
rPois   ∞          Reflect  .   v - +1 hat
rElec   .          Harm     .   c - scarf {+Inv}
rCorr   .          Rampage  .   t - +0 pair of gloves
Will    ++...                   (no boots)
Stlth   ++........              u - amulet of faith
HPRegen 0.20/turn               x - ring of magical power
MPRegen 0.16/turn               r - ring of willpower

@: very slow
A: cold resistance 1, negative energy resistance 3, torment resistance 2, heat
vulnerability 1, no potions
a: Renounce Religion, Evoke Invisibility, Bend Time, Temporal Distortion


You were on level 6 of the Dungeon.
You worshipped Cheibriados.
Cheibriados was most pleased with you.
You visited 2 branches of the dungeon, and saw 8 of its levels.

You collected 260 gold pieces.
You spent 260 gold pieces at shops.

Inventory:

Hand Weapons
 a - a +6 whip (weapon)
 b - a +0 hunting sling
 l - a +2 spear of freezing
 m - a +0 quarterstaff
 q - a +0 dagger of flaming
 w - a +1 quarterstaff of pain
Missiles
 h - 133 stones (quivered)
 i - 4 atropa-tipped darts
 o - 5 silver javelins
 z - 2 boomerangs
Armour
 c - a scarf of invisibility (worn)
 f - a +1 leather armour
 j - a +0 ring mail
 k - a +0 scale mail (worn)
 t - a +0 pair of gloves (worn)
 v - a +1 hat (worn)
Jewellery
 r - a ring of willpower (right hand)
 s - a +6 ring of strength
 u - an amulet of faith (around neck)
 x - a ring of magical power (left hand)
Wands
 e - a wand of digging (3)
Scrolls
 d - a scroll of fear
 g - a scroll of fog
 n - a scroll of magic mapping
 p - a scroll of immolation


   Skills:
 + Level 5.1 Fighting
 - Level 3.7(3.8) Maces & Flails
 - Level 1.0(2.5) Staves
 - Level 2.0 Slings
 + Level 2.6 Armour
 - Level 1.5 Dodging
 - Level 4.1 Stealth
 * Level 3.4 Unarmed Combat
 + Level 2.8 Invocations


You had 4 spell levels left.
You knew the following spells:

 Your Spells              Type           Power      Damage    Failure   Level
a - Tukima's Dance        Hex            0%         N/A       86%         3

Your spell library contained the following spells:

 Spells                   Type           Power      Damage    Failure   Level
 Dazzling Flash           Conj/Hex       0%         N/A       86%         3
 Passage of Golubria      Tloc           0%         N/A       99%         4
 Agony                    Necr           0%         N/A       100%        5
 Silence                  Hex/Air        0%         N/A       100%        5
 Yara's Violent Unravell  Hex/Tmut       0%         3d3       100%        5


Dungeon Overview and Level Annotations

Branches:
Dungeon (7/15)             Temple (1/1) D:5

Altars:
Ashenzari
Cheibriados
Dithmenos
Elyvilon
Fedhas
Gozag
Hepliaklqana
Makhleb
Nemelex Xobeh
Qazlal
Ru
Sif Muna
Vehumet
Wu Jian
Xom
Yredelemnul
Zin
The Shining One
Beogh

Shops:
D:2 =

Annotations:
D:4 exclusions: jelly and orc


Innate Abilities, Weirdness & Mutations

You are immune to poison.
Your flesh is cold resistant. (rC+)
You are immune to negative energy. (rN+++)
You are immune to unholy pain and torment.
You are vulnerable to heat. (rF-)
You do not drink.


Message History

You whack the orc!
You kill the orc!
Cheibriados appreciates the change of pace.
The orc priest misses you. The hound misses you.
The orc wizard barely misses you.
Unknown command.
You whack the orc priest!
The orc priest is heavily wounded.
The hound closely misses you. The hound bites you.
* * * LOW HITPOINT WARNING * * *
Unknown command.
You whack the orc priest!
You kill the orc priest!
Cheibriados appreciates the change of pace.
The orc hits you but does no damage.
The orc wizard hits you but does no damage.
The hound bites you.
* * * LOW HITPOINT WARNING * * *
The hound bites you.
* * * LOW HITPOINT WARNING * * *
The orc closely misses you. x2
The orc wizard hits you with a +0 dagger.
* * * LOW HITPOINT WARNING * * *
The hound barely misses you. x2; The orc barely misses you.
The hound misses you. The orc misses you. The hound barely misses you.
The hound bites you.
* * * LOW HITPOINT WARNING * * *
The hound bites you.
* * * LOW HITPOINT WARNING * * *
The orc hits you but does no damage. The orc misses you.
The orc wizard casts a spell.
The orc wizard flickers and vanishes!
Deactivating autopickup; reactivate with Ctrl-A.
The hound closely misses you. The orc barely misses you.
The hound barely misses you. The hound bites you but does no damage.
The hound barely misses you. The hound barely misses you. The hound bites you.
You die...

####################
#.h@................
#o##################
#.##.......#
###o.'........
#...##........
#.............
#....)........
#......)......
#.........!...


You could see a hound and an orc.

Vanquished Creatures
  A black bear (D:5)
  2 necrophages
  A centaur (D:6)
  A phantom (D:5)
  A scorpion (D:5)
  A water moccasin skeleton (D:5)
  A howler monkey (D:5)
  2 jellies (D:4)
  4 orc priests
  2 hounds
  A centaur skeleton (D:5)
  3 orc wizards
  6 adders
  2 worms
  4 dart slugs
  14 orcs
  2 endoplasms
  4 giant cockroaches
  10 goblins
  8 hobgoblins
  2 jackals (D:2)
  7 ball pythons
  4 bats
  5 frilled lizards
  7 kobolds
  A quokka skeleton (D:4)
  10 rats
106 creatures vanquished.

Vanquished Creatures (others)
  An adder skeleton (D:4)
1 creature vanquished.

Grand Total: 107 creatures vanquished

Notes
Turn   | Place    | Note
-------+----------+-------------------------------------------
     0 | D:5      | comborobin the Mummy Delver began the quest for the Orb.
     0 | D:5      | Reached XP level 1. HP: 18/18 MP: 1/1
     0 | D:5      | Found a staircase to the Ecumenical Temple.
     3 | D:5      | Noticed a howler monkey
    36 | D:5      | Noticed a hound
    47 | D:5      | Killed a hound
    48 | D:5      | Reached XP level 2. HP: 4/24 MP: 2/2
    48 | D:5      | Reached XP level 3. HP: 5/29 MP: 3/3
   317 | D:5      | Noticed a black bear
   347 | D:5      | Noticed a phantom
   634 | D:4      | Found a stormy altar of Qazlal.
   792 | Temple   | Entered the Ecumenical Temple
   798 | Temple   | Became a worshipper of Cheibriados the Contemplative
   944 | D:2      | Found Lyonus's Jewellery Shop.
   962 | D:2      | Reached XP level 4. HP: 33/34 MP: 4/4
  1616 | D:2      | Reached skill level 1 in Staves
  1715 | D:2      | Found a faded altar of an unknown god.
  1956 | D:1      | Reached * piety under Cheibriados
  2292 | D:1      | Noticed an orc warrior
  3044 | D:3      | Reached ** piety under Cheibriados
  3240 | D:3      | Reached XP level 5. HP: 41/42 MP: 5/5
  4097 | D:3      | Reached skill level 1 in Maces & Flails
  4218 | D:4      | Reached skill level 4 in Fighting
  4218 | D:4      | Reached skill level 1 in Slings
  4218 | D:4      | Reached skill level 1 in Armour
  4218 | D:4      | Reached skill level 1 in Invocations
  4253 | D:4      | Noticed a necrophage
  4271 | D:4      | Killed a necrophage
  4272 | D:4      | Reached XP level 6. HP: 36/48 MP: 5/7
  4961 | D:4      | Reached *** piety under Cheibriados
  5525 | D:5      | Reached XP level 7. HP: 54/55 MP: 8/8
  5834 | D:2      | Bought a ring of magical power for 260 gold pieces
  6485 | D:6      | Reached skill level 5 in Fighting
  6644 | D:6      | Learned a level 3 spell: Tukima's Dance
  6778 | D:6      | Reached XP level 8. HP: 19/62 MP: 10/10
  6786 | D:6      | HP: 1/62 [hound (5)]
  6790 | D:6      | Slain by a hound

Illustrated notes

Levels and vault maps discovered:
D:1:      erik_arrival_cave_to_civilisation [erik_arrival_cave_to_temple],
          layout_basic, chequers_mini_garden
D:2:      layout_basic, chequers_ecumenical_altar_simple, serial_shops,
          nicolae_diamond_shop
D:3:      layout_loops_ring, st_stairs_9, serial_bayou_crossing
D:4:      layout_loops_corners, grunt_qazlal_clouds
D:5:      layout_cave_pools, minmay_temple_entry_mini_moons
D:6:      layout_basic, gammafunk_ghost_grave, uniq_duvessa
D:7:      layout_loops_cross
Temple:   dpeg_three_leaves_temple

Skill      XL: |  1  2  3  4  5  6  7 |
---------------+----------------------+-----
Unarmed Combat | 3 |  3.4
Staves         | 1 |  1.0
Maces & Flails | 1 2 3 |  3.7
Fighting       | 4 5 |  5.1
Slings         | 1 2 |  2.0
Armour         | 1 2 |  2.6
Invocations    | 1 2 |  2.8
Dodging        | |  1.5
Stealth        | |  4.1

Action                   |  1- 3 |  4- 6 |  7- 9 || total
-------------------------+-------+-------+-------++-------
Melee: Quarterstaff      |    30 |    28 |       ||    58
       Spear             |       |    46 |       ||    46
       Whip              |       |   151 |    74 ||   225
       Punch             |       |     6 |     3 ||     9
 Fire: Hunting sling     |       |    15 |       ||    15
Throw: Stone             |       |     3 |       ||     3
       Dart              |       |     2 |       ||     2
  Use: Scroll            |     2 |     6 |     1 ||     9
 Stab: Sleeping          |       |     7 |       ||     7
Armor: Leather armour    |    15 |     6 |       ||    21
       Scale mail        |       |    72 |    50 ||   122
Dodge: Dodged            |    17 |   116 |    50 ||   183

Table legend: (Time is in decaauts)
 A = Elapsed time spent in this place.
 B = Non-inter-level travel time spent in this place.
 C = Inter-level travel time spent in this place.
 D = Time resting spent in this place.
 E = Time spent auto-exploring this place.
 F = Levels seen in this place.
 G = Mean time per level.
                   A        B        C        D        E       F      G
               +--------+--------+--------+--------+--------+-----+--------+
         Total |   8684 |   7863 |    821 |   1338 |   4625 |   8 | 1085.5 |
       Dungeon |   8665 |   7844 |    821 |   1338 |   4625 |   7 | 1237.9 |
        Temple |     18 |     18 |      0 |      0 |      0 |   1 |   18.0 |
               +--------+--------+--------+--------+--------+-----+--------+

Top non-repeatable levels by time:
     D:4: 2193 daAuts
     D:3: 1631 daAuts
     D:5: 1624 daAuts
     D:2: 1547 daAuts
     D:1: 1208 daAuts
     D:6: 458 daAuts
  Temple: 18 daAuts
     D:7: 1 daAuts
